Map: Interloper LE

Players

Winthrowe

  • Race: Terran Terran
  • League: Silver
  • Spawn Location: 11:00

A.I. 1 (Very Hard) - Winner!

  • Race: Terran Terran
  • Spawn Location: 5:00

VOD

Have the link to the VOD?

Description

Time

  • Played on: Aug. 24, 2017, 5:48 p.m.
  • Length: 16:02
Show
View Real Time Build Order
Export as new Build Order

Winthrowe Terran 

Build Orders: MMM Bio 

Get SALT Encoding   

  12  0:01  SCV  
  13  0:13  SCV  
  14  0:19  Supply Depot  
  14  0:25  SCV  
  15  0:41  SCV  
  15  0:42  Barracks  
  16  0:53  SCV  
  17  1:05  SCV  
  18  1:17  SCV  
  19  1:24  Barracks  
  19  1:29  SCV  
  19  1:30  Supply Depot  
  19  1:31  Marine  
  21  1:36  Refinery  
  21  1:41  SCV  
  22  1:49  Marine  
  22  1:53  SCV  
  24  2:04  Command Center  
  24  2:06  SCV  
  24  2:07  Marine  
  26  2:18  SCV  
  26  2:21  Refinery  
  27  2:25  Marine  
  28  2:30  Marine, SCV  
  30  2:42  SCV  
  31  2:54  Supply Depot  
  31  3:15  Marine x2, SCV  
  31  3:17  Factory  
  34  3:27  SCV x2  
  34  3:33  Marine x2  
  38  3:39  SCV  
  39  3:48  Orbital Command  
  39  3:52  Orbital Command  
  39  3:56  Barracks Reactor  
  39  3:58  Barracks Tech Lab  
  39  4:14  Starport  
  39  4:16  Supply Depot  
  39  4:30  Barracks  
  39  4:31  SCV  
  39  4:32  SCV  
  41  4:38  Supply Depot  
  41  4:39  Marine, Marauder  
  44  4:46  Factory Reactor  
  44  4:49  Command Center  
  44  4:55  Supply Depot  
  44  5:01  Marauder  
  46  5:08  Engineering Bay  
  46  5:11  SCV  
  46  5:12  SCV  
  48  5:18  Supply Depot  
  48  5:22  Marauder  
  48  5:23  Concussive Shells  
  50  5:30  Marine x2  
  52  5:39  Cyclone  
  52  5:42  Engineering Bay  
  55  5:44  Medivac  
  57  5:59  Barracks Reactor  
  57  6:01  Marine x2, Marauder  
  61  6:06  Stimpack  
  61  6:11  Refinery  
  61  6:19  Marine x2  
  61  6:22  Marauder  
  61  6:24  SCV x3  
  68  6:36  Marine, SCV x2  
  68  6:37  Marine, Refinery  
  68  6:39  Supply Depot  
  72  6:41  Terran Infantry Weapons Level 1  
  72  6:42  Terran Infantry Armor Level 1  
  72  6:48  SCV  
  73  6:57  Planetary Fortress  
  73  7:01  Supply Depot  
  73  7:07  Marine x2, Marauder  
  73  7:08  Marine x2  
  79  7:14  Cyclone  
  82  7:18  Medivac  
  84  7:25  Marine x3  
  84  7:26  Marine  
  84  7:28  Marauder  
  90  7:31  SCV x2  
  92  7:42  SCV  
  92  7:43  Marine, SCV x2  
  96  7:49  Marine x3, Marauder  
  101  7:54  SCV  
  101  7:55  SCV x2, Cyclone x2  
  110  8:01  Marine  
  111  8:06  Marine, SCV  
  111  8:07  SCV, Combat Shields  
  111  8:08  SCV  
  111  8:11  Marauder  
  117  8:17  Sensor Tower  
  117  8:22  Supply Depot  
  117  8:42  Supply Depot  
  117  8:43  Marine x4  
  117  8:44  Hellion, Marauder  
  117  8:45  Supply Depot  
  125  8:58  Viking  
  125  9:00  Hellion  
  113  9:05  Supply Depot, Hellion, Marauder  
  113  9:09  Supply Depot  
  71  9:22  Marine, Hellion  
  71  9:23  Marine x3  
  77  9:26  Hellion, Marauder  
  77  9:28  Viking, Supply Depot  
  83  9:32  Supply Depot  
  83  9:40  Marine x3  
  83  9:41  Marine  
  83  9:43  Hellion  
  89  9:48  Marauder  
  91  9:55  Armory  
  91  9:58  Marine x4, Viking  
  97  10:08  Marine  
  98  10:16  Marine x4  
  98  10:19  SCV x3  
  105  10:26  Marine  
  106  10:28  Viking  
  106  10:31  SCV  
  106  10:34  Marine  
  110  10:36  Refinery  
  110  10:40  Refinery  
  110  10:42  Marine x3  
  112  10:43  Armory  
  112  10:44  Marine  
  112  10:46  Cyclone  
  112  10:47  Cyclone  
  120  10:51  Marine  
  121  10:58  Viking  
  121  11:00  Marine x3  
  121  11:02  Terran Infantry Weapons Level 2, Marauder  
  128  11:05  Terran Infantry Armor Level 2  
  128  11:17  Marine x2  
  128  11:18  Marine x2, Cyclone  
  132  11:19  Cyclone  
  132  11:24  Marauder  
  140  11:28  Viking  
  142  11:32  Supply Depot  
  142  11:35  Marine x2  
  144  11:45  Marauder  
  143  11:51  Cyclone x2  
  119  11:55  Supply Depot  
  119  11:58  Viking  
  102  12:07  Marauder  
  73  12:23  Cyclone x2  
  73  12:25  Marine x3  
  73  12:26  Marine  
  73  12:28  Marauder  
  85  12:36  Starport Reactor  
  85  12:43  Marine x4  
  89  12:49  Marauder  
  91  12:55  Cyclone x2  
  97  13:01  Marine  
  98  13:11  Marauder  
  100  13:13  Marine x3  
  100  13:16  Command Center  
  100  13:17  Viking  
  100  13:18  Viking, Marine  
  108  13:23  Terran Vehicle Weapons Level 1  
  108  13:27  Cyclone x2  
  108  13:28  Terran Ship Weapons Level 1  
  108  13:31  Marine x3  
  108  13:32  Marauder  
  113  13:36  Marine  
  114  13:47  Viking  
  114  13:48  Viking, Marine  
  118  13:49  Marine x2  
  118  13:54  Marine, Marauder  
  124  13:59  Cyclone x2  
  121  14:06  Marine  
  121  14:07  Marine x2  
  102  14:12  Marine  
  102  14:14  Marine  
  89  14:17  Viking  
  89  14:18  Viking  
  93  14:24  Marine  
  93  14:25  Marine x2  
  93  14:30  Marine  
  92  14:31  Cyclone  
  92  14:32  Cyclone  
  92  14:33  Marauder  
  80  14:42  Marine x3  
  73  14:47  Viking x2, Marine  
  64  15:00  Marine x2  
Show
View Real Time Build Order
Export as new Build Order

A.I. 1 (Very Hard) Terran - Winner!

Build Orders: Bio Tank 

Get SALT Encoding   

  12  0:00  SCV  
  13  0:13  SCV  
  14  0:19  Supply Depot  
  14  0:25  SCV  
  15  0:40  SCV  
  16  0:43  Barracks  
  16  0:52  SCV  
  17  1:05  SCV  
  18  1:17  Supply Depot, SCV  
  19  1:22  Refinery  
  19  1:29  SCV  
  19  1:31  Marine  
  21  1:41  SCV  
  22  1:49  Marine  
  22  1:52  Barracks  
  22  1:53  SCV  
  24  1:55  Refinery  
  24  2:04  Supply Depot  
  24  2:05  SCV  
  24  2:07  Marine  
  26  2:18  SCV  
  27  2:24  Marine  
  27  2:26  Factory  
  28  2:30  SCV  
  29  2:38  Marine  
  29  2:42  Marine, SCV  
  32  2:54  SCV  
  32  2:56  Marine  
  34  3:00  Marine  
  35  3:06  SCV  
  35  3:09  Barracks  
  36  3:14  Marine  
  36  3:18  SCV  
  38  3:25  Command Center  
  38  3:30  SCV  
  38  3:32  Supply Depot  
  39  3:54  Barracks Tech Lab, SCV  
  40  3:57  Barracks Tech Lab  
  40  4:01  Factory Tech Lab  
  40  4:06  SCV  
  41  4:15  Marine  
  42  4:17  Marine  
  42  4:18  SCV  
  42  4:24  Stimpack  
  44  4:30  SCV  
  45  4:36  Orbital Command, Siege Tank, Combat Shields  
  48  4:42  SCV  
  49  4:46  Marauder  
  49  4:51  Marauder  
  53  4:54  SCV  
  54  5:02  Marine, Supply Depot  
  54  5:06  SCV  
  56  5:07  Marauder  
  56  5:11  Marine  
  56  5:12  SCV  
  60  5:19  Orbital Command  
  60  5:20  Barracks Reactor  
  60  5:23  Siege Tank  
  60  5:24  SCV  
  60  5:26  Supply Depot  
  66  5:28  Marauder  
  66  5:29  Marine  
  67  5:36  SCV  
  67  5:42  Engineering Bay  
  68  5:48  SCV, Marauder  
  71  5:52  SCV  
  71  5:53  Supply Depot  
  71  5:55  Siege Tank  
  71  5:56  Marauder  
  77  6:01  SCV  
  78  6:06  Refinery  
  78  6:08  Terran Infantry Armor Level 1  
  78  6:11  Refinery  
  78  6:15  SCV x2, Marauder  
  78  6:16  Supply Depot  
  82  6:23  Marauder  
  82  6:25  Engineering Bay  
  84  6:26  Concussive Shells  
  84  6:27  SCV  
  84  6:30  Missile Turret  
  84  6:31  SCV  
  86  6:33  Missile Turret  
  86  6:38  Siege Tank, Marauder  
  86  6:39  SCV, Barracks  
  92  6:41  Supply Depot  
  92  6:43  SCV  
  93  6:50  Terran Infantry Weapons Level 1  
  93  6:51  Starport, SCV  
  94  7:02  Marine  
  94  7:03  Marine, Marauder  
  94  7:04  Supply Depot  
  98  7:15  Missile Turret  
  98  7:21  Marauder  
  100  7:25  Siege Tank  
  100  7:26  Marauder  
  100  7:27  Medivac  
  100  7:28  Supply Depot  
  107  7:32  Command Center  
  107  7:45  Missile Turret  
  107  7:52  Supply Depot  
  107  7:58  Siege Tank, Starport Reactor  
  110  8:10  Armory  
  110  8:11  Missile Turret  
  110  8:18  Supply Depot  
  110  8:29  Widow Mine  
  110  8:33  Medivac  
  114  8:36  Armory  
  114  8:45  SCV x3  
  117  8:56  Terran Infantry Weapons Level 2  
  117  8:57  SCV x3  
  117  8:58  Terran Vehicle And Ship Armor Level 1, Widow Mine  
  117  8:59  Marine, Refinery  
  117  9:01  Marine  
  117  9:02  Marine, Missile Turret  
  114  9:04  Marine, Missile Turret  
  114  9:06  Marine  
  114  9:09  SCV x2  
  92  9:10  Orbital Command  
  92  9:16  Refinery  
  84  9:17  Marine  
  84  9:20  Marine, Marauder  
  84  9:21  SCV  
  84  9:22  Marine  
  84  9:23  Terran Vehicle Weapons Level 1  
  84  9:24  Marine  
  90  9:26  Widow Mine  
  90  9:28  SCV  
  94  9:33  SCV  
  94  9:35  SCV, Marauder  
  94  9:38  Marine  
  98  9:39  Marine  
  98  9:40  SCV  
  98  9:41  Marauder  
  98  9:44  Marine  
  98  9:45  SCV  
  105  9:47  SCV  
  106  9:53  SCV  
  106  9:55  Widow Mine  
  106  9:56  Marine, Marauder  
  106  9:57  Marine, SCV  
  106  9:59  SCV  
  115  10:01  Marine  
  115  10:02  Marauder  
  118  10:11  Medivac  
  118  10:14  Marine, Hi-Sec Auto Tracking  
  121  10:15  Factory  
  121  10:18  Marauder  
  121  10:20  Starport  
  123  10:24  Siege Tank, Marauder  
  128  10:28  Supply Depot  
  128  10:35  Medivac  
  130  10:39  Marauder  
  130  10:40  Command Center  
  132  10:45  Marauder  
  132  10:48  Liberator  
  134  10:51  Liberator  
  134  10:56  Siege Tank  
  136  10:58  Supply Depot, Starport Tech Lab, Factory Tech Lab  
  136  11:01  Marauder  
  138  11:07  Marauder  
  138  11:09  Marine  
  138  11:11  Barracks Tech Lab, Marine, Barracks  
  147  11:16  Raven, Terran Infantry Weapons Level 3, Cyclone  
  153  11:18  High Capacity Fuel Tanks  
  153  11:21  Marine  
  153  11:22  Supply Depot  
  154  11:26  Terran Vehicle Weapons Level 2  
  154  11:28  Siege Tank  
  157  11:39  Marine  
  151  11:47  Supply Depot  
  151  11:48  Viking  
  151  11:50  Marine  
  151  11:51  Viking  
  151  11:52  Marine  
  151  11:53  Marine x2, SCV x3  
  151  11:54  SCV  
  143  11:57  Marine x2  
  143  11:59  Raven  
  137  12:05  SCV x2  
  137  12:07  SCV  
  137  12:08  Marine  
  138  12:09  SCV  
  138  12:10  Marine  
  138  12:12  Marine  
  138  12:13  Marine  
  138  12:15  Marine  
  137  12:17  SCV  
  137  12:18  Viking  
  137  12:19  SCV  
  137  12:20  SCV  
  137  12:21  SCV  
  137  12:22  Marine  
  141  12:25  Missile Turret  
  141  12:26  Marauder  
  144  12:31  Marine  
  144  12:33  Marauder  
  144  12:34  Planetary Fortress, Marauder  
  149  12:37  Missile Turret  
  149  12:38  Marine  
  149  12:39  Missile Turret  
  149  12:42  Raven  
  152  12:47  Marauder  
  154  12:53  Building Armor, Medivac x2  
  154  12:54  Marauder  
  160  12:59  Cyclone  
  160  13:02  Command Center  
  163  13:06  Liberator  
  163  13:07  Siege Tank  
  163  13:09  Marine x2  
  163  13:11  Marine  
  163  13:12  Marine, Liberator  
  170  13:13  Marine  
  170  13:15  Marine  
  170  13:19  Supply Depot  
  172  13:26  Marine  
  176  13:28  Marine  
  176  13:30  Marauder  
  176  13:31  Widow Mine  
  176  13:33  Marauder  
  186  13:37  Marine, Viking  
  186  13:38  Marine, Widow Mine  
  192  13:44  Marine  
  192  13:47  Marine  
  192  13:48  Refinery  
  194  13:51  Refinery  
  194  14:02  Marine x2  
  194  14:03  Marine x2  
  194  14:04  Marine  
  194  14:05  Marine  
  194  14:08  Viking  
  194  14:15  Ghost Academy  
  194  14:24  Planetary Fortress, Command Center, Refinery  
  194  14:27  Refinery  
  194  14:29  Medivac  
  194  14:30  Missile Turret  
  195  14:31  Missile Turret  
  195  14:32  Marine  
  195  14:34  Medivac  
  197  14:39  Marine x2  
  197  14:44  Marine  
  198  14:46  Ghost  
  198  14:47  Medivac  
  198  14:49  Marine  
  198  14:50  Ghost  
  193  14:57  Marine x2  
  193  14:59  Medivac  
  193  15:01  Marine  
  193  15:04  Medivac  
  193  15:06  Marine  
  188  15:07  Siege Tank  
  188  15:13  Siege Tank  
  189  15:15  Marine x2, Marauder  
  189  15:17  Medivac  
  189  15:19  Marine  
  189  15:20  Marine  
  195  15:24  Marine  
  193  15:32  Marine  
  195  15:48  Refinery  
  195  15:49  Command Center  
  195  15:51  Missile Turret  
  195  15:54  Missile Turret  
  195  15:55  Missile Turret  
  195  15:57  Refinery  
  195  15:59  Missile Turret  
  195  16:02  Missile Turret  
Tags
 
Composition
Bio TankMMM Bio
League
Silver
Matchup
TvT
Race
Terran
Spawn Locations
Cross Positions
Add a new tag
Caveats
  • Supply blocks, unpowered buildings, or Contaminate may cause inaccurate times.
  • Supply counts are checked every 10 seconds.